 Dungeon Crawl Stone Soup version 0.29.1-1-gd02db6906a (webtiles) character file.

Game seed: 3639230086830874838

93 Aibolit the Trooper (level 4, -2/36 HPs)
             Began as a Human Fighter on Oct 5, 2022.
             Slain by Natasha (7 damage)
             ... on level 2 of the Dungeon.
             The game lasted 00:02:22 (1041 turns).

Aibolit the Trooper (Human Fighter)                 Turns: 1041, Time: 00:02:23

Health: -2/36      AC: 10    Str: 19    XL:     4   Next: 91%
Magic:  4/4        EV:  9    Int:  8    God:
Gold:   107        SH: 10    Dex: 18    Spells: 3/3 levels left

rFire   . . .      SeeInvis .   a - +0 war axe
rCold   . . .      Faith    .   c - +0 buckler
rNeg    . . .      Spirit   .   b - +0 scale mail
rPois   .          Reflect  +   (no helmet)
rElec   .          Harm     .   n - +0 cloak
rCorr   .          Rampage  .   (no gloves)
Will    .....                   j - +1 pair of boots
Stlth   ..........              e - amulet of reflection
HPRegen 0.12/turn               h - +6 ring of dexterity
MPRegen 0.09/turn               (no ring)

@: slowed, very slow
A: no striking features
a: no special abilities


You were on level 2 of the Dungeon.
You visited 1 branch of the dungeon, and saw 2 of its levels.

You collected 107 gold pieces.

Inventory:

Hand Weapons
 a - a +0 war axe (weapon)
Armour
 b - a +0 scale mail (worn)
 c - a +0 buckler (worn)
 j - a +1 pair of boots (worn)
 n - a +0 cloak (worn)
Jewellery
 e - an amulet of reflection (around neck)
 h - a +6 ring of dexterity (left hand)
Scrolls
 d - a scroll of brand weapon {unknown}
 g - a scroll of blinking
 i - a scroll of enchant armour
 m - a scroll of teleportation
Potions
 f - a potion of lignification {unknown}
 k - a potion of cancellation
 l - a potion of resistance {unknown}
 o - a potion of experience {unknown}


   Skills:
 + Level 3.6 Fighting
 + Level 3.1 Axes
 + Level 3.4 Armour
 + Level 0.7 Dodging
 + Level 3.5 Shields


You had 3 spell levels left.
You didn't know any spells.
Your spell library was empty.

Dungeon Overview and Level Annotations

Branches:
Dungeon (2/15)

Altars:

Shops:
D:2 =

Annotations:
D:2 Natasha


Message History

Natasha is severely wounded.
You hit the white imp.
Natasha mumbles some strange words.
Natasha claws you.
The white imp hits you but does no damage.
Natasha claws you. The white imp barely misses you.
You closely miss Natasha.
Natasha is severely wounded.
You hit the white imp but do no damage. Natasha casts a spell at you.
The magic dart hits you but does no damage.
Natasha stares at you and mumbles some strange words.
The magic dart hits you. You block the white imp's attack.
Natasha stares at you and mumbles some strange words.
The magic dart hits you.
* * * LOW HITPOINT WARNING * * *
The white imp hits you but does no damage.
You closely miss Natasha.
Natasha is severely wounded.
You hit the white imp but do no damage. Natasha casts a spell at you.
You resist with some effort. Natasha barely misses you.
You block the white imp's attack.
Natasha stares at you and mumbles some strange words.
The magic dart hits you but does no damage.
The white imp closely misses you.
You closely miss Natasha.
Natasha is severely wounded.
You closely miss the white imp.
Natasha claws you but does no damage. x2
The white imp shouts, "Scamper hence, thou pottle-deep doghearted gonus!"
The white imp completely misses you. You block Natasha's attack.
You block the white imp's attack.
You hit Natasha but do no damage.
Natasha is severely wounded.
You closely miss the white imp. Natasha casts a spell at you.
The magic dart hits you.
* * * LOW HITPOINT WARNING * * *
Natasha claws you!
You die...

'## # #.. ..# #
#.'### +.#.# #
#.#5. #.#.. # #.#h#
#.#.. #
#.#@##.#.#.# #
#.#5...#.#.#### #
.. #.'####+.#....#
# .###
#........#..# #
####...
...+########'..#
##......
#............##
..>....##
######.#######
#####... #.#
#####.###.#######.#


You could see Natasha (fast) and 2 white imps.

Vanquished Creatures
  Natasha (twice) (D:2)
  An adder (D:2)
  A worm (D:2)
  A dart slug (D:1)
  A bat (D:1)
  2 endoplasms
  A giant cockroach (D:1)
  3 goblins (D:1)
  2 hobgoblins
  3 jackals (D:2)
  4 quokkas (D:1)
  5 ball pythons
  A rat (D:1)
27 creatures vanquished.

Vanquished Creatures (others)
  A plant (D:2)
1 creature vanquished.

Grand Total: 28 creatures vanquished

Notes
Turn   | Place    | Note
-------+----------+-------------------------------------------
     0 | D:1      | Aibolit the Human Fighter began the quest for the Orb.
     0 | D:1      | Reached XP level 1. HP: 18/18 MP: 1/1
   101 | D:1      | Reached XP level 2. HP: 20/24 MP: 2/2
   473 | D:1      | Reached XP level 3. HP: 29/29 MP: 3/3
   630 | D:2      | Noticed Natasha
   646 | D:2      | Killed Natasha
   647 | D:2      | Reached XP level 4. HP: 35/35 MP: 4/4
   671 | D:2      | Noticed Natasha
   677 | D:2      | Killed Natasha
   822 | D:2      | Found Loqou's One-of-a-Kind Rings.
  1029 | D:2      | Noticed Natasha
  1041 | D:2      | Slain by Natasha

Illustrated notes

Levels and vault maps discovered:
D:1:      matt_arrival_refuge, layout_basic
D:2:      layout_basic, shapermc_ecumenical_altar_petra, minivault_11,
          nicolae_shop_unique_rings, uniq_natasha

Skill      XL: |  1  2  3  4 |
---------------+-------------+-----
Axes           | 3 |  3.1
Fighting       | |  3.6
Armour         | |  3.4
Dodging        | |  0.7
Shields        | |  3.5

Action                   |  1- 3 |  4- 6 || total
-------------------------+-------+-------++-------
Melee: War axe           |    46 |    35 ||    81
  Use: Potion            |     1 |     1 ||     2
       Scroll            |       |     3 ||     3
Armor: Scale mail        |    20 |    15 ||    35
Dodge: Dodged            |    24 |    17 ||    41
Block: Buckler           |    31 |    26 ||    57
       Reflection        |     1 |       ||     1
